 Dungeon Crawl Stone Soup version 0.30-a0-6-g7c9e10e132 (webtiles) character file.

Game seed: 15528931253159269878

77 nickcage the Slasher (level 4, -1/37 HPs)
             Began as a Minotaur Gladiator on Aug 22, 2022.
             Was a Believer of Uskayaw.
             Slain by Terence
             ... wielding a +2 falchion of flaming
              (5 damage)
             ... on level 2 of the Dungeon.
             The game lasted 00:02:04 (2002 turns).

nickcage the Slasher (Minotaur Gladiator)           Turns: 2002, Time: 00:02:04

Health: -1/37      AC:  3    Str: 20    XL:     4   Next: 14%
Magic:  3/3        EV: 12    Int:  5    God:    Uskayaw [**....]
Gold:   87         SH:  0    Dex: 12    Spells: 3/3 levels left

rFire   . . .      SeeInvis .    a - +0 long sword
rCold   . . .      Faith    .    (no shield)
rNeg    . . .      Spirit   .    b - +0 leather armour
rPois   .          Reflect  .    c - +0 hat
rElec   .          Harm     .    (no cloak)
rCorr   .          Rampage  .    (no gloves)
Will    .....                    (no boots)
Stlth   +.........               (no amulet)
HPRegen 0.12/turn                (no ring)
MPRegen 0.08/turn                (no ring)

@: no status effects
A: horns 2, retaliatory headbutt
a: Renounce Religion, Stomp, Line Pass


You were on level 2 of the Dungeon.
You worshipped Uskayaw.
Uskayaw was noncommittal.
You visited 1 branch of the dungeon, and saw 2 of its levels.

You collected 87 gold pieces.

Inventory:

Hand Weapons
 a - a +0 long sword (weapon)
Missiles
 d - 3 throwing nets
 e - a javelin
 h - 7 boomerangs (quivered)
Armour
 b - a +0 leather armour (worn)
 c - a +0 hat (worn)
Scrolls
 i - a scroll of magic mapping {unknown}
 j - a scroll of identify {unknown}
 k - 3 scrolls of noise {unknown}
 l - a scroll of enchant weapon {unknown}
Potions
 f - a potion of lignification {unknown}
 g - 2 potions of curing
 m - a potion of cancellation {unknown}


   Skills:
 - Level 2.4 Fighting
 + Level 6.1 Long Blades
 - Level 2.0 Throwing
 - Level 3.2 Dodging


You had 3 spell levels left.
You didn't know any spells.
Your spell library was empty.

Dungeon Overview and Level Annotations

Branches:
Dungeon (2/15)

Altars:
Uskayaw

Shops:
D:2 !

Annotations:
D:2 Terence


Innate Abilities, Weirdness & Mutations

You have a pair of horns on your head.
You reflexively headbutt those who attack you in melee.


Message History

The quokka is moderately wounded.
The quokka bites you. x2
You hit the quokka.
The quokka is almost dead.
Terence misses you. You furiously retaliate!
You headbutt Terence. The quokka bites you.
You closely miss the quokka. Your headbutt misses the quokka.
The quokka is almost dead.
Terence misses you. The quokka barely misses you. You furiously retaliate!
You headbutt the quokka, but do no damage.
You slash the quokka!
You kill the quokka!
Terence hits you with a +2 falchion of flaming!
Terence burns you. Terence closely misses you.
You hit Terence.
Terence is heavily wounded.
Terence hits you with a +2 falchion of flaming!
Terence burns you.
* * * LOW HITPOINT WARNING * * *
You can now pass through a line of other dancers.
You are too injured to fight recklessly!
You are too injured to fight recklessly!
You are too injured to fight recklessly!
You hit Terence.
Terence is severely wounded.
Terence hits you with a +2 falchion of flaming.
* * * LOW HITPOINT WARNING * * *
Terence burns you.
* * * LOW HITPOINT WARNING * * *
You hit Terence but do no damage. You headbutt Terence.
Terence is severely wounded.
Terence drinks a potion.
Terence is healed!
You barely miss Terence. Your headbutt misses Terence.
Terence is moderately wounded.
Terence barely misses you.
Unknown command.
You hit Terence.
Terence is heavily wounded.
Terence hits you with a +2 falchion of flaming.
You die...

#.# #.## #.# ###### #.#
#..... ###########.#
#.#### #<..........# #.#
#...........#. #.#
#.........†.#. #.#
#.....@.....#.. #.#
.....#@..#.#..####.####
#......#.#..#...........
#.......∩...#....<#.####
.......#.#........#.....
#.....#...#.#####.######
#..... .....# #.# #.....
.... # #.# #..... ...
#.# #.#


You could see Terence.

Vanquished Creatures
  4 adders (D:2)
  5 ball pythons (D:1)
  6 bats
  7 endoplasms
  A giant cockroach (D:2)
  A hobgoblin (D:1)
  4 quokkas (D:2)
  3 goblins
  5 kobolds (D:1)
  2 rats
38 creatures vanquished.

Notes
Turn   | Place    | Note
-------+----------+-------------------------------------------
     0 | D:1      | nickcage the Minotaur Gladiator began the quest for the
                  | Orb.
     0 | D:1      | Reached XP level 1. HP: 18/18 MP: 0/0
   126 | D:1      | Reached skill level 4 in Long Blades
   223 | D:1      | Reached XP level 2. HP: 21/25 MP: 1/1
   441 | D:1      | Found a faded altar of an unknown god.
   490 | D:1      | Prayed at the altar of an unknown god.
   490 | D:1      | Became a worshipper of Uskayaw the Reveller
   490 | D:1      | Reached * piety under Uskayaw
   585 | D:1      | Reached ** piety under Uskayaw
   729 | D:1      | Reached skill level 5 in Long Blades
  1067 | D:2      | Reached XP level 3. HP: 30/30 MP: 2/2
  1071 | D:2      | Reached *** piety under Uskayaw
  1468 | D:2      | Reached skill level 6 in Long Blades
  1468 | D:2      | Reached XP level 4. HP: 19/37 MP: 3/3
  1986 | D:2      | Found Zauto's Distillery.
  1991 | D:2      | Noticed Terence
  2002 | D:2      | Slain by Terence

Illustrated notes

Levels and vault maps discovered:
D:1:      sevenhm_arrival_forest_fort_large_2, layout_rooms,
          basic_ecumenical_altar, minmay_bisected
D:2:      layout_basic, serial_shops, nicolae_shop_advertising_works
          [nicolae_subvault_shop_adworks], uniq_terence

Skill      XL: |  1  2  3 |
---------------+----------+-----
Long Blades    | 4 5 6 |  6.1
Fighting       | |  2.4
Throwing       | |  2.0
Dodging        | |  3.2

Action                   |  1- 3 |  4- 6 || total
-------------------------+-------+-------++-------
Melee: Long sword        |    61 |    13 ||    74
       Headbutt          |     7 |     1 ||     8
Throw: Boomerang         |       |     1 ||     1
 Stab: Paralysed         |     1 |       ||     1
Armor: Leather armour    |     7 |       ||     7
Dodge: Dodged            |    38 |     8 ||    46

Table legend: (Time is in decaauts)
 A = Elapsed time spent in this place.
 B = Non-inter-level travel time spent in this place.
 C = Inter-level travel time spent in this place.
 D = Time resting spent in this place.
 E = Time spent auto-exploring this place.
 F = Levels seen in this place.
 G = Mean time per level.
                   A        B        C        D        E       F      G
               +--------+--------+--------+--------+--------+-----+--------+
         Total |   2013 |   1972 |     41 |    165 |   1595 |   2 | 1006.5 |
       Dungeon |   2013 |   1972 |     41 |    165 |   1595 |   2 | 1006.5 |
               +--------+--------+--------+--------+--------+-----+--------+

Top non-repeatable levels by time:
     D:1: 1024 daAuts
     D:2: 989 daAuts
